 Dungeon Crawl Stone Soup version 0.19-a0-1732-g0b18a7b (webtiles) character file.

584 Ijustatesigmund the Magician (level 7, -2/35 HPs)
             Began as a Spriggan Wizard on Sept 30, 2016.
             Slain by an orc warrior
             ... wielding a +0 scimitar
              (16 damage)
             ... on level 5 of the Dungeon.
             The game lasted 00:28:17 (7142 turns).

Ijustatesigmund the Magician (Spriggan Wizard)      Turns: 7142, Time: 00:28:17

Health: -2/35      AC:  3    Str:  3    XL:     7   Next: 14%
Magic:  6/18       EV: 19    Int: 24    God:
Gold:   146        SH:  0    Dex: 16    Spells: 4 memorised, 13 levels left

rFire  . . .     SeeInvis +     f - +2 short sword
rCold  . . .     Gourm    .     a - +0 robe
rNeg   . . .     Faith    .     (shield restricted)
rPois  .         Spirit   .     b - +1 hat
rElec  .         Dismiss  .     (no cloak)
rCorr  .         Reflect  .     (gloves unavailable)
MR     +....     Harm     .     (boots unavailable)
Stlth  ++++......               (no amulet)
                                o - +4 ring of intelligence
                                e - ring of flight

@: repel missiles, very quick
A: unfitting armour, see invisible, herbivore 3, speed 3, slow metabolism 2
a: Evoke Flight


You were on level 5 of the Dungeon.
You were not hungry.

You visited 1 branch of the dungeon, and saw 6 of its levels.
You also visited: Ossuary.

You collected 146 gold pieces.

Inventory:

Hand Weapons
 f - a +2 short sword (weapon)
Armour
 a - a +0 robe (worn)
 b - a +1 hat (worn)
Jewellery
 e - a ring of flight (left hand)
 o - a +4 ring of intelligence (right hand)
Wands
 g - a wand of slowing (30/48)
 p - a wand of disintegration (0/24)
Scrolls
 h - 3 scrolls of teleportation
 r - 2 scrolls of remove curse
Potions
 d - a potion of brilliance {unknown}
 i - a potion of agility
 j - a potion of heal wounds
 k - 3 potions of curing
 l - 2 potions of lignification {unknown}
 m - 3 potions of haste {unknown}
 n - 2 potions of might {unknown}
 q - 2 potions of degeneration {unknown}
Books
 c - a book of Minor Magic

   Spells                             Type                      Level
   a - Magic Dart                     Conjuration                  1
   b - Blink                          Translocation                2
   c - Call Imp                       Summoning                    2
   d - Repel Missiles                 Charms/Air                   2
   e - Slow                           Hexes                        2
   f - Conjure Flame                  Conjuration/Fire             3
   g - Mephitic Cloud                 Conjuration/Poison/Air       3


   Skills:
 - Level 2.3 Fighting
 + Level 3.2 Short Blades
 - Level 4.0 Dodging
 + Level 5.9 Stealth
 + Level 7.0 Spellcasting
 - Level 0.6 Conjurations
 - Level 0.7 Summonings
 - Level 1.5 Translocations


You had 13 spell levels left.
You knew the following spells:

 Your Spells              Type           Power        Failure   Level  Hunger
a - Magic Dart            Conj           ##..         8%          1    None
b - Blink                 Tloc           N/A          8%          2    None
c - Repel Missiles        Chrm/Air       #.....       12%         2    None
d - Call Imp              Summ           ##......     12%         2    None


Dungeon Overview and Level Annotations

Branches:
Dungeon (6/15)
 Temple: D:4-7

Altars:
Okawaru

Shops:
D:5 [

Annotations:
D:3 Grinder
D:6 Sigmund


Innate Abilities, Weirdness & Mutations

You are very small and have problems with some larger weapons.
You are too small for most types of armour.
You have supernaturally acute eyesight. (SInv)
You are a herbivore.
You cover ground extremely quickly.
You need consume almost no food.


Message History

The orc warrior is severely wounded.
Your crimson imp closely misses the orc warrior.
Your crimson imp blinks!
Your magical contamination has completely faded away.
Casting: Magic Dart
Confirm with . or Enter, or press ? or * to list all spells.
Aiming: Magic Dart
Press: ? - help, Shift-Dir - straight line, f/p - orc warrior
Aim: an orc warrior, wielding a scimitar and wearing a plate armour (severely wounded)
The magic dart hits the orc warrior.
The orc warrior is severely wounded.
Casting: Magic Dart
Confirm with . or Enter, or press ? or * to list all spells.
Aiming: Magic Dart
Press: ? - help, Shift-Dir - straight line, f/p - orc warrior
Aim: an orc warrior, wielding a scimitar and wearing a plate armour (severely wounded)
The magic dart hits the orc warrior.
The orc warrior is severely wounded.
The orc warrior hits you with a scimitar!
You die...

######### #######.......#
..............#####
.#####............#
.#####............#
..................######
.#####..........@......#
.#####.#.###.....o.....##########
.......................'.......>#
.####..##.##.###....[..'#.#######
.......##..#.# ##.........#
.###...###.#.# #.........#
.#.#...# #...# #...5.....#
##.###.# ##..# #.........#
.....#.# #..# #.........#


You could see an orc warrior and a friendly crimson imp.

Vanquished Creatures
  A sky beast (D:5)
  A scorpion (D:5)
  A wasp zombie (D:6)
  An orc priest (D:6)
  A centaur zombie (D:5)
  A hound (D:5)
  Ijyb (D:2)
  5 big kobold zombies (Ossuary)
  A hound skeleton (D:5)
  A mummy (Ossuary)
  4 gnolls (D:5)
  2 adders
  A shadow imp (D:5)
  An adder zombie (D:5)
  5 worms (D:2)
  A dart slug (D:3)
  4 orcs
  A spectral bat (Ossuary)
  A ball python (D:1)
  A bat (D:1)
  5 giant cockroaches
  4 gnoll zombies (Ossuary)
  5 goblins
  2 hobgoblins
  3 jackals (D:5)
  7 kobolds
  4 quokkas
  5 frilled lizards
  3 hobgoblin zombies (Ossuary)
  A jackal skeleton (D:5)
  6 orc zombies (Ossuary)
  A quokka skeleton (D:5)
  3 rats
  3 spectral goblins (Ossuary)
  4 spectral kobolds (Ossuary)
  4 spectral rats (Ossuary)
95 creatures vanquished.

Vanquished Creatures (collateral kills)
  A crimson imp (D:5)
  2 spectral bats (Ossuary)
  2 bat simulacra (Ossuary)
  3 gnoll zombies (Ossuary)
  3 goblin simulacra (Ossuary)
  2 goblin zombies (Ossuary)
  A hobgoblin zombie (Ossuary)
  2 kobold simulacra (Ossuary)
  3 kobold zombies (Ossuary)
  3 orc zombies (Ossuary)
  2 rat simulacra (Ossuary)
  2 spectral goblins (Ossuary)
26 creatures vanquished.

Vanquished Creatures (others)
  A spectral bat (Ossuary)
1 creature vanquished.

Grand Total: 122 creatures vanquished

Notes
Turn   | Place    | Note
-------+----------+-------------------------------------------
     0 | D:1      | Ijustatesigmund the Spriggan Wizard began the quest for the Orb.
     0 | D:1      | Reached XP level 1. HP: 9/9 MP: 6/6
   410 | D:1      | Reached XP level 2. HP: 13/13 MP: 4/8
   414 | D:1      | Learned a level 2 spell: Blink
   417 | D:1      | Learned a level 2 spell: Repel Missiles
  1011 | D:2      | Found an iron altar of Okawaru.
  1388 | D:2      | Reached XP level 3. HP: 16/16 MP: 1/9
  2364 | D:2      | Reached skill level 1 in Short Blades
  2453 | D:2      | Noticed Ijyb
  2485 | D:2      | Killed Ijyb
  2485 | D:2      | Reached XP level 4. HP: 16/21 MP: 11/11
  2766 | D:3      | Noticed Grinder
  2776 | D:3      | Paralysed by Grinder for 3 turns
  2942 | D:5      | Entered Level 5 of the Dungeon
  2997 | D:5      | Found a sand-covered staircase.
  3005 | Ossuary  | Entered an ossuary
  3033 | Ossuary  | Learned a level 2 spell: Call Imp
  3245 | Ossuary  | Reached skill level 5 in Spellcasting
  3245 | Ossuary  | Reached XP level 5. HP: 19/25 MP: 1/13
  3824 | Ossuary  | Reached skill level 1 in Fighting
  4311 | Ossuary  | Reached skill level 6 in Spellcasting
  4831 | D:5      | Reached XP level 6. HP: 30/30 MP: 10/16
  4845 | D:5      | Noticed a sky beast
  4864 | D:5      | Killed a sky beast
  5236 | D:5      | Found Wavvos's Armour Boutique.
  5503 | D:5      | Reached skill level 5 in Stealth
  6126 | D:5      | Reached XP level 7. HP: 27/35 MP: 9/18
  6250 | D:6      | Noticed Sigmund
  7105 | D:6      | Reached skill level 7 in Spellcasting
  7142 | D:5      | Slain by an orc warrior

Vault maps used:
D:1:      minmay_arrival_radiant_lines, minmay_tiny_reverse_x
D:2:      okawaru_gym_becter, uniq_iyjb
D:3:      old_standard_altar, first_bread, uniq_grinder
D:4:      lemuel_doored_altar, uniq_duvessa, uniq_pikel
D:5:      serial_shops, nicolae_shop_stone, nicolae_ossuary_entry_plus
D:6:      kennysheep_mini, uniq_sigmund
Ossuary:  ossuary_zaba_two_paths

Skill      XL: |  1  2  3  4  5  6  7 |
---------------+----------------------+-----
Stealth        | 4 5 |  5.9
Dodging        | 4 |  4.0
Short Blades   | 1 2 3 |  3.2
Spellcasting   | 5 6 7 |  7.0
Fighting       | 1 2 |  2.3
Conjurations   | |  0.6
Summonings     | |  0.7
Translocations | |  1.5

Action                   |  1- 3 |  4- 6 |  7- 9 || total
-------------------------+-------+-------+-------++-------
Melee: Short sword       |    75 |   135 |    11 ||   221
 Cast: Magic Dart        |   104 |   239 |    43 ||   386
       Repel Missiles    |     1 |     1 |       ||     2
       Call Imp          |       |    12 |     1 ||    13
       Blink             |       |       |     1 ||     1
Evoke: Wand              |       |     1 |     4 ||     5
  Use: Scroll            |     9 |     6 |       ||    15
       Potion            |     1 |       |     2 ||     3
 Stab: Sleeping          |     3 |     7 |       ||    10
  Eat: Bread ration      |       |     1 |       ||     1
Armor: Robe              |     6 |    17 |     4 ||    27
Dodge: Dodged            |    58 |   203 |    36 ||   297
       Deflected         |       |     1 |       ||     1
